 Dungeon Crawl Stone Soup version 0.31-a0-986-g5e6e4ef867 (console) character file.

Game seed: 6501164828146579658

2396 jejorda2 the Chopper (level 9, -13/74 HPs)
             Began as a Gnoll Berserker on Nov 20, 2023.
             Was a Priest of Trog.
             Mangled by a gargoyle
             ... wielding a +3 quarterstaff
              (14 damage)
             ... on level 7 of the Dungeon.
             The game lasted 00:18:40 (6880 turns).

jejorda2 the Chopper (Gnoll Berserker)              Turns: 6880, Time: 00:18:45

Health: -13/74     AC: 16    Str: 21      XL:     9   Next: 46%
Magic:  15/15      EV: 11    Int:  6      God:    Trog [***...]
Gold:   511        SH:  0    Dex: 16 (18) Spells: 16/16 levels left

rFire   + . .        a - +1 hand axe (spect)
rCold   + . .        (no shield)
rNeg    . . .        v - +3 chain mail {rC+}
rPois   .            (no helmet)
rElec   .            (no cloak)
rCorr   .            (no gloves)
SInv    .            E - +2 pair of boots
Will    ++...        (no amulet)
Stlth   x              - ring of protection from fire
HPRegen 1.32/turn    j - +6 ring of dexterity
MPRegen 0.14/turn

%: no passive effects
@: strong-willed, on berserk cooldown, regenerating, slowed, very slow
A: fangs 1, strong nose, distributed training
a: Renounce Religion, Berserk, Trog's Hand


You were on level 7 of the Dungeon.
You worshipped Trog.
Trog was most pleased with you.
You visited 1 branch of the dungeon, and saw 7 of its levels.
You also visited: Sewer.

You collected 511 gold pieces.

Inventory:

Hand Weapons
 a - a +1 spectral hand axe (weapon)
 b - a +2 whip of electrocution
 D - a +0 morningstar
 F - a +2 battleaxe
Missiles
 d - 2 curare-tipped darts
 o - 6 javelins
 r - 8 poisoned darts
 A - 2 atropa-tipped darts
Armour
 i - a +2 scale mail of fire resistance
 v - a +3 chain mail of cold resistance (worn)
 E - a +2 pair of boots (worn)
Jewellery
 j - a +6 ring of dexterity (right hand)
 x - a ring of protection from fire (left hand)
Wands
 g - a wand of polymorph (8)
 k - a wand of roots (7)
Scrolls
 f - 2 scrolls of noise
 m - a scroll of butterflies
 s - 2 scrolls of teleportation
 t - 2 scrolls of fear
 u - a scroll of blinking
Potions
 c - 5 potions of curing
 e - 2 potions of cancellation
 h - 2 potions of mutation
 l - a potion of enlightenment
 n - a potion of ambrosia
 p - a potion of attraction
 q - 3 potions of magic
 w - a potion of brilliance
 y - 6 potions of heal wounds
 z - a potion of haste
 B - a potion of degeneration
 C - a potion of resistance


   Skills:
 + Level 7.9 Fighting
 + Level 4.3 Short Blades
 + Level 4.3 Long Blades
 + Level 7.9 Axes
 + Level 4.3 Maces & Flails
 + Level 4.3 Polearms
 + Level 4.3 Staves
 + Level 4.3 Ranged Weapons
 + Level 4.3 Throwing
 + Level 6.4 Armour
 + Level 6.4 Dodging
 + Level 4.3 Stealth
 + Level 4.3 Shields
 + Level 4.3 Unarmed Combat
 + Level 4.3 Spellcasting
 + Level 3.6 Conjurations
 + Level 3.6 Hexes
 + Level 3.6 Summonings
 + Level 3.6 Necromancy
 + Level 3.6 Translocations
 + Level 3.6 Transmutations
 + Level 3.6 Fire Magic
 + Level 3.6 Ice Magic
 + Level 3.6 Air Magic
 + Level 3.6 Earth Magic
 + Level 3.6 Poison Magic
 + Level 4.8 Invocations
 + Level 4.3 Evocations
 + Level 4.0 Shapeshifting


You had 16 spell levels left.
You didn't know any spells.
Your spell library was empty.

Dungeon Overview and Level Annotations

Branches:
Dungeon (7/15)             Temple (0/1) D:6           Sewer (visited)

Altars:
Gozag
Kikubaaqudgha
Sif Muna
Vehumet
The Shining One

Shops:
D:2 [   D:7 =


Innate Abilities, Weirdness & Mutations

You have very sharp teeth.
Your uncanny sense of smell can sniff out nearby items.
Your experience applies equally to all skills.


Message History

Your +1 spectral hand axe hits the gargoyle but does no damage.
The gargoyle hits you with a +3 quarterstaff!
The gargoyle hurls a stone arrow at you.
The stone arrow misses you.
You hit the gargoyle but do no damage.
Your +1 spectral hand axe hits the gargoyle but does no damage.
The gargoyle closely misses you.
You hit the gargoyle. Your bite misses the gargoyle.
The gargoyle is lightly damaged.
Your +1 spectral hand axe hits the gargoyle.
The gargoyle hits you with a +3 quarterstaff!
The gargoyle hits you but does no damage.
You barely miss the gargoyle.
The gargoyle is lightly damaged.
Your +1 spectral hand axe hits the gargoyle but does no damage.
The gargoyle hits you with a +3 quarterstaff.
You hit the gargoyle but do no damage.
The gargoyle is lightly damaged.
Your +1 spectral hand axe hits the gargoyle but does no damage.
The gargoyle hits you with a +3 quarterstaff.
You hit the gargoyle but do no damage.
You bite the gargoyle, but do no damage.
The gargoyle is lightly damaged.
Your +1 spectral hand axe hits the gargoyle but does no damage.
The gargoyle hits you with a +3 quarterstaff!
The gargoyle hits you with a +3 quarterstaff.
You hit the gargoyle but do no damage.
The gargoyle is lightly damaged.
Your +1 spectral hand axe hits the gargoyle but does no damage.
The gargoyle hurls a stone arrow at you.
The stone arrow hits you!
* * * LOW HITPOINT WARNING * * *
You hit the gargoyle. Your punch misses the gargoyle.
You bite the gargoyle, but do no damage.
The gargoyle is moderately damaged.
Your +1 spectral hand axe hits the gargoyle but does no damage.
The gargoyle hits you with a +3 quarterstaff!
* * * LOW HITPOINT WARNING * * *
The gargoyle hits you with a +3 quarterstaff!
You die...

.# #..#####.. <.. # . ##
##.<..##... ... #.
..#.######.....#...# ...
#.. #...#..#.#...#.##..
.#..##.......##.#.......
......#.#)...#..#.......
#.....##)..##..#.......
#......)..#........<...
#.:...@9(#..#..........
#.....##§..†...........
#######§...............
§§§§§§§§...)..........#
§§§§§9§§..........####
.§§§§§§§§.......###
#######§..##...## ##
##.## #...# #. .## #..#
#...


You could see a gargoyle and a friendly +1 spectral hand axe.

Vanquished Creatures
  The ghost of wireframewife the Slicer, a novice KoDe (D:3)
  A steam dragon (D:7)
  An orc warrior (D:7)
  A sky beast (D:6)
  A black bear (D:7)
  A centaur (D:6)
  A phantom (D:6)
  3 kobold brigands (Sewer)
  2 scorpions
  4 wights (D:7)
  A howler monkey (D:7)
  7 hounds
  5 orc priests
  A jelly (D:3)
  2 sleepcaps
  Terence (D:2)
  Jessica (D:2)
  6 iguanas
  3 orc wizards
  A gnoll (D:1)
  10 adders
  A river rat (Sewer)
  2 shadow imps (D:6)
  4 white imps
  2 ufetubi (D:5)
  8 worms
  2 dart slugs
  20 orcs
  A bat zombie (D:4)
  12 endoplasms
  3 giant cockroaches
  7 goblins
  8 hobgoblins
  9 kobolds
  7 quokkas
  11 ball pythons
  6 bats
  11 frilled lizards
  9 rats
  A rat zombie (D:4)
178 creatures vanquished.

Notes
Turn   | Place    | Note
-------+----------+-------------------------------------------
     0 | D:1      | jejorda2 the Gnoll Berserker began the quest for the Orb.
     0 | D:1      | Reached XP level 1. HP: 23/23 MP: 1/1
   129 | D:1      | Found a faded altar of an unknown god.
   147 | D:1      | Reached XP level 2. HP: 21/29 MP: 2/2
   545 | D:1      | Reached XP level 3. HP: 35/35 MP: 2/4
   814 | D:2      | Noticed Terence
   825 | D:2      | Killed Terence
   826 | D:2      | Reached skill level 1 in Short Blades
   826 | D:2      | Reached skill level 1 in Long Blades
   826 | D:2      | Reached skill level 1 in Maces & Flails
   826 | D:2      | Reached skill level 1 in Polearms
   826 | D:2      | Reached skill level 1 in Staves
   826 | D:2      | Reached skill level 1 in Ranged Weapons
   826 | D:2      | Reached skill level 1 in Throwing
   826 | D:2      | Reached skill level 1 in Stealth
   826 | D:2      | Reached skill level 1 in Shields
   826 | D:2      | Reached skill level 1 in Unarmed Combat
   826 | D:2      | Reached skill level 1 in Spellcasting
   826 | D:2      | Reached skill level 1 in Invocations
   826 | D:2      | Reached skill level 1 in Evocations
   826 | D:2      | Reached skill level 1 in Shapeshifting
   826 | D:2      | Reached XP level 4. HP: 41/41 MP: 5/5
   905 | D:2      | Noticed Jessica
   915 | D:2      | Killed Jessica
   916 | D:2      | Reached skill level 1 in Conjurations
   916 | D:2      | Reached skill level 1 in Hexes
   916 | D:2      | Reached skill level 1 in Summonings
   916 | D:2      | Reached skill level 1 in Necromancy
   916 | D:2      | Reached skill level 1 in Translocations
   916 | D:2      | Reached skill level 1 in Transmutations
   916 | D:2      | Reached skill level 1 in Fire Magic
   916 | D:2      | Reached skill level 1 in Ice Magic
   916 | D:2      | Reached skill level 1 in Air Magic
   916 | D:2      | Reached skill level 1 in Earth Magic
   916 | D:2      | Reached skill level 1 in Poison Magic
  1129 | D:2      | Reached ** piety under Trog
  1276 | D:2      | Found Apeser's Armour Shoppe.
  1614 | D:2      | Reached XP level 5. HP: 47/47 MP: 5/7
  2380 | D:3      | Found a runed translucent gate.
  2380 | D:3      | Found a runed translucent gate.
  2381 | D:3      | Found a runed translucent gate.
  2382 | D:3      | Found an opulent altar of Gozag.
  2385 | D:3      | Noticed wireframewife's ghost (novice KoDe)
  2416 | D:3      | Killed wireframewife's ghost
  2417 | D:3      | Reached skill level 5 in Armour
  2417 | D:3      | Reached skill level 5 in Dodging
  2417 | D:3      | Reached XP level 6. HP: 53/53 MP: 7/9
  2421 | D:3      | Reached XP level 7. HP: 56/60 MP: 7/10
  3007 | D:4      | Found a glowing golden altar of the Shining One.
  3637 | D:4      | Found an ancient bone altar of Kikubaaqudgha.
  3708 | D:5      | Entered Level 5 of the Dungeon
  4287 | D:5      | Reached XP level 8. HP: 67/67 MP: 12/12
  4607 | D:5      | Found a radiant altar of Vehumet.
  4753 | D:5      | You fall into a shaft and drop 1 floor!
  4948 | D:6      | Reached *** piety under Trog
  4990 | D:6      | Found a glowing drain.
  5013 | Sewer    | Entered a sewer
  5669 | D:6      | Reached XP level 9. HP: 73/73 MP: 14/14
  5937 | D:6      | Found a staircase to the Ecumenical Temple.
  6338 | D:7      | Found a shimmering blue altar of Sif Muna.
  6379 | D:7      | Found Xuitazargho's Jewellery Shoppe.
  6861 | D:7      | Noticed a gargoyle
  6880 | D:7      | HP: 1/74 [gargoyle/+3 quarterstaff (10)]
  6880 | D:7      | Mangled by a gargoyle

Illustrated notes

Levels and vault maps discovered:
D:1:      dpeg_arrival_snail, layout_basic, ebering_ecumenical_altar_petrified,
          minmay_misc_feat_roman, chequers_decorated_corner
D:2:      layout_loops_corners, serial_shops, nicolae_shop_waterfront,
          kennysheep_potato, uniq_jessica, uniq_terence
D:3:      layout_basic, ebering_ghost_gozag, nicolae_eternal_life
D:4:      nicolae_cairo_tiling, layout_loops_cross, old_standard_altar,
          lemuel_zombie_altar_kikubaaqudgha
D:5:      layout_layer_cave, nicolae_vehumet_radiance
D:6:      layout_cave_pools, minmay_temple_entry_enclosed_plants,
          portal_sewer_entry_a, minmay_lizard_king
D:7:      layout_layer_cave, nicolae_sif_muna_condensation,
          beargit_hepliaklqana_dungeon_heroes, amethyst_overflow_temple_binary,
          serial_shops, nicolae_shop_peninsula

Skill      XL: |  1  2  3  4  5  6  7  8  9 |
---------------+----------------------------+-----
Short Blades   | 1 2 3 4 |  4.3
Long Blades    | 1 2 3 4 |  4.3
Maces & Flails | 1 2 3 4 |  4.3
Polearms       | 1 2 3 4 |  4.3
Staves         | 1 2 3 4 |  4.3
Ranged Weapons | 1 2 3 4 |  4.3
Throwing       | 1 2 3 4 |  4.3
Stealth        | 1 2 3 4 |  4.3
Shields        | 1 2 3 4 |  4.3
Unarmed Combat | 1 2 3 4 |  4.3
Spellcasting   | 1 2 3 4 |  4.3
Invocations    | 1 2 3 4 |  4.8
Evocations     | 1 2 3 4 |  4.3
Shapeshifting  | 1 2 3 4 |  4.0
Conjurations   | 1 2 3 |  3.6
Hexes          | 1 2 3 |  3.6
Summonings     | 1 2 3 |  3.6
Necromancy     | 1 2 3 |  3.6
Translocations | 1 2 3 |  3.6
Transmutations | 1 2 3 |  3.6
Fire Magic     | 1 2 3 |  3.6
Ice Magic      | 1 2 3 |  3.6
Air Magic      | 1 2 3 |  3.6
Earth Magic    | 1 2 3 |  3.6
Poison Magic   | 1 2 3 |  3.6
Armour         | 5 6 |  6.4
Dodging        | 5 6 |  6.4
Fighting       | 7 |  7.9
Axes           | 7 |  7.9

Action                     |  1- 3 |  4- 6 |  7- 9 || total
---------------------------+-------+-------+-------++-------
  Melee: Hand axe          |    55 |   183 |   435 ||   673
         Bite              |     5 |    19 |    42 ||    66
         Unarmed           |     7 |     3 |       ||    10
         Punch             |       |     5 |     5 ||    10
 Invoke: Berserk           |     2 |     1 |     7 ||    10
         Trog's Hand       |       |     1 |     7 ||     8
    Use: Scroll            |       |       |    17 ||    17
         Potion            |       |       |     9 ||     9
   Stab: Sleeping          |     3 |       |       ||     3
         Distracted        |       |       |     4 ||     4
 Armour: Animal skin       |    20 |       |       ||    20
         Skin              |     1 |     1 |       ||     2
         Scale mail        |       |    76 |    17 ||    93
         Chain mail        |       |       |   254 ||   254
  Dodge: Dodged            |    35 |    76 |   198 ||   309

Table legend: (Time is in decaauts)
 A = Elapsed time spent in this place.
 B = Non-inter-level travel time spent in this place.
 C = Inter-level travel time spent in this place.
 D = Time resting spent in this place.
 E = Time spent auto-exploring this place.
 F = Levels seen in this place.
 G = Mean time per level.
                   A        B        C        D        E       F      G
               +--------+--------+--------+--------+--------+-----+--------+
         Total |   7014 |   6765 |    249 |    461 |   4672 |   8 |  876.8 |
       Dungeon |   6297 |   6048 |    249 |    426 |   4317 |   7 |  899.6 |
         Sewer |    717 |    717 |      0 |     35 |    355 |   1 |  717.0 |
               +--------+--------+--------+--------+--------+-----+--------+

Top non-repeatable levels by time:
     D:4: 1089 daAuts
     D:5: 1020 daAuts
     D:2: 960 daAuts
     D:3: 951 daAuts
     D:7: 859 daAuts
     D:1: 762 daAuts
   Sewer: 717 daAuts
     D:6: 653 daAuts
